 Dungeon Crawl Stone Soup version 0.21.1-1-g345015f (webtiles) character file.

29 asishallab the Ruffian (level 3, 32/32 HPs)
             Began as a Troll Monk on May 13, 2018.
             Quit the game on level 2 of the Dungeon.
             The game lasted 00:04:09 (728 turns).

asishallab the Ruffian (Troll Monk)                  Turns: 728, Time: 00:04:10

Health: 32/32      AC:  6    Str: 19    XL:     3   Next: 1%
Magic:  1/1        EV: 11    Int:  6    God:
Gold:   79         SH:  0    Dex: 13    Spells: 2/2 levels left

rFire    . . .     SeeInvis .     - Unarmed
rCold    . . .     Gourm    +   (no shield)
rNeg     . . .     Faith    .   a - +1 robe
rPois    .         Spirit   .   (helmet restricted)
rElec    .         Reflect  .   (no cloak)
rCorr    .         Harm     .   (gloves unavailable)
MR       .....                  (boots unavailable)
Stlth    ++........             h - amulet of magic regeneration
HPRegen  0.50/turn              (no ring)
MPRegen  0.32/turn              (no ring)

@: no status effects
A: large, unfitting armour, claws 3, horns 1, fast metabolism 3, frail 1,
gourmand, low mp 1, regeneration 1, shaggy fur 1, tough skin 2, subdued magic 1
a: no special abilities


You were on level 2 of the Dungeon.
You were very full.

You visited 1 branch of the dungeon, and saw 2 of its levels.

You collected 79 gold pieces.

Inventory:

Missiles
 d - 97 stones (quivered)
Armour
 a - a +1 robe (worn)
Jewellery
 h - an amulet of magic regeneration (around neck)
Scrolls
 f - a scroll of enchant weapon
 g - a scroll of amnesia
Potions
 k - a potion of magic
Comestibles
 b - 4 rations


   Skills:
 - Level 2.4 Fighting
 + Level 3.0 Dodging
 - Level 1.0 Stealth
 + Level 3.6 Unarmed Combat


You had 2 spell levels left.
You didn't know any spells.

Dungeon Overview and Level Annotations

Branches:
Dungeon (2/15)

Altars:


Innate Abilities, Weirdness & Mutations

You are too large for most types of armour.
You have claws for hands.
Your metabolism is lightning-fast.
You like to eat raw meat.
Your natural rate of healing is unusually fast.
You are covered in fur. (AC +1)
You have very tough skin. (AC +2)
You have a pair of small horns on your head.
You are frail. (-10% HP)
Your magical capacity is low. (-10% MP)
Your spells are a little easier to cast, but a little less powerful.


Message History

A goblin comes into view. It is wielding a club.
You scratch the goblin.
You kill the goblin!
You have reached level 3!
Your experience leads to an increase in your attributes!
Increase (S)trength, (I)ntelligence, or (D)exterity?
You feel agile.
You feel stronger.
You see here a club.
There isn't anything to butcher here.
You now have 79 gold pieces (gained 8).
A kobold comes into view. It is wielding a whip.
The kobold shouts!
You barely miss the kobold. The kobold barely misses you.
You barely miss the kobold. The kobold closely misses you.
You claw the kobold!
You kill the kobold!
Found 15 gold pieces.
You see here a whip.
There isn't anything to butcher here.
Are you sure you want to abandon this character and quit the game? (Confirm with "yes".)

#.........#.......
#.........+........
#.........#........
#......####+##....
#....<.# ....#
##......### ....
#....)....#.....
#...............
#.......@.......
#..............$
#...$.....###++.
#.........#
#.........#
###########


There were no monsters in sight!

Vanquished Creatures
  A dart slug (D:1)
  2 leopard geckos (D:1)
  2 giant cockroaches (D:1)
  3 goblins
  A hobgoblin (D:1)
  7 kobolds
  A quokka (D:2)
  A ball python (D:1)
  2 bats (D:2)
  A frilled lizard (D:1)
  3 rats
24 creatures vanquished.

Notes
Turn   | Place    | Note
-------+----------+-------------------------------------------
     0 | D:1      | asishallab the Troll Monk began the quest for the Orb.
     0 | D:1      | Reached XP level 1. HP: 22/22 MP: 0/0
   254 | D:1      | Reached XP level 2. HP: 29/29 MP: 1/1
   659 | D:2      | Gained mutation: You are frail. (-10% HP) [potion of mutation]
   659 | D:2      | Gained mutation: You have a pair of small antennae on your head. [potion of mutation]
   659 | D:2      | Lost mutation: You have a pair of small antennae on your head. [potion of mutation]
   659 | D:2      | Gained mutation: You possess an exceptional clarity of mind. [potion of mutation]
   661 | D:2      | Lost mutation: You possess an exceptional clarity of mind. [potion of mutation]
   661 | D:2      | Gained mutation: Your spells are a little easier to cast, but a little less powerful. [potion of mutation]
   661 | D:2      | Gained mutation: Your magical capacity is low. (-10% MP) [potion of mutation]
   661 | D:2      | Gained mutation: You have a pair of small horns on your head. [potion of mutation]
   705 | D:2      | Reached XP level 3. HP: 32/32 MP: 1/1
   728 | D:2      | Quit the game

Skill      XL: |  1  2 |
---------------+-------+-----
Dodging        | 3 |  3.0
Fighting       | |  2.4
Stealth        | |  1.0
Unarmed Combat | |  3.6

Action                   || total
-------------------------++-------
Melee: Unarmed           ||    51
Throw: Stone             ||     1
  Use: Scroll            ||     5
       Potion            ||     4
 Stab: Sleeping          ||     5
  Eat: Chunk             ||    10
Armor: Robe              ||    11
Dodge: Dodged            ||    26
